 Dungeon Crawl Stone Soup version 0.26.0-10-g1f06aea511 (webtiles) character file.

Game seed: 410592950049278578

15150 funkygono the Basher (level 11, -6/99 HPs)
             Began as a Minotaur Fighter on Jan 16, 2021.
             Was a High Priest of Okawaru.
             Mangled by Rupert
             ... wielding a +4 vorpal great mace
              (8 damage)
             ... on level 3 of the Lair of Beasts on Jan 17, 2021.
             The game lasted 00:29:21 (12496 turns).

funkygono the Basher (Minotaur Fighter)            Turns: 12496, Time: 00:29:21

Health: -6/99      AC: 28    Str: 23    XL:     11   Next: 98%
Magic:  11/12      EV: 12    Int:  5    God:    Okawaru [*****.]
Gold:   846        SH: 15    Dex: 11    Spells: 10/10 levels left

rFire    . . .     SeeInvis .   a - +3 morningstar (protect)
rCold    + . .     Faith    .   c - +1 kite shield
rNeg     . . .     Spirit   .   m - +0 chain mail "Dueren" {rPois}
rPois    +         Reflect  .   (helmet restricted)
rElec    .         Harm     .   w - +2 cloak
rCorr    .         Rampage  .   y - +0 pair of gloves
Will     .....                  l - +1 pair of boots
Stlth    ..........             (no amulet)
HPRegen  0.26/turn              d - ring of flight
MPRegen  0.13/turn              v - ring of protection from cold

@: heroism, protection aura
A: retaliatory headbutt, horns 2
a: Renounce Religion, Evoke Flight, Heroism, Finesse


You were on level 3 of the Lair of Beasts.
You worshipped Okawaru.
Okawaru was extremely pleased with you.
You visited 2 branches of the dungeon, and saw 12 of its levels.

You collected 846 gold pieces.

Inventory:

Hand Weapons
 a - a +3 morningstar of protection (weapon)
 b - a +3 vorpal hunting sling
Missiles
 f - 163 sling bullets
 C - 8 poisoned darts
Armour
 c - a +1 kite shield (worn)
 l - a +1 pair of boots (worn)
 m - the +0 chain mail "Dueren" (worn) {rPois}
   (You found it on level 4 of the Dungeon)

   It protects you from poison.
 w - a +2 cloak (worn)
 y - a +0 pair of gloves (worn)
 B - a scarf of invisibility
Jewellery
 d - a ring of flight (left hand)
 v - a ring of protection from cold (right hand)
Wands
 t - a wand of iceblast (6)
 A - a wand of polymorph (17)
Scrolls
 e - 5 scrolls of fear
 j - 5 scrolls of identify
 k - a scroll of blinking
 n - a scroll of teleportation
 r - 7 scrolls of remove curse
 s - a scroll of magic mapping
 x - 2 scrolls of fog
Potions
 g - 3 potions of might
 h - 10 potions of ambrosia
 i - 2 potions of heal wounds
 o - 4 potions of curing
 p - 4 potions of flight
 q - a potion of haste
 u - a potion of brilliance
 z - 5 potions of lignification
 D - 2 potions of magic
 E - a potion of mutation {unknown}


   Skills:
 + Level 9.7(14.7) Fighting
 + Level 12.6(17.6) Maces & Flails
 + Level 9.2(14.2) Slings
 + Level 9.8(14.8) Armour
 + Level 3.5(8.5) Dodging
 + Level 1.4(6.4) Stealth
 + Level 9.6(14.6) Shields
 + Level 3.5 Invocations
 + Level 0.2 Evocations


You had 10 spell levels left.
You didn't know any spells.
Your spell library contained the following spells:

 Spells                   Type           Power        Failure   Level
 Animate Skeleton         Necr           0%           94%         1
 Apportation              Tloc           0%           94%         1
 Corona                   Hex            0%           94%         1
 Sandblast                Erth           0%           94%         1
 Summon Small Mammal      Summ           0%           94%         1
 Call Imp                 Summ           0%           98%         2
 Passwall                 Tmut/Erth      0%           98%         2
 Call Canine Familiar     Summ           0%           100%        3
 Stone Arrow              Conj/Erth      0%           100%        3
 Summon Guardian Golem    Hex/Summ       0%           100%        3
 Teleport Other           Tloc           0%           100%        3
 Petrify                  Tmut/Erth      0%           100%        4
 Summon Ice Beast         Ice/Summ       0%           100%        4
 Summon Lightning Spire   Summ/Air       0%           100%        4
 Lee's Rapid Deconstruct  Erth           0%           100%        5


Dungeon Overview and Level Annotations

Branches:
Dungeon (9/15)             Temple (0/1) D:7            Lair (3/6) D:9
    Orc (0/2) D:9
  Swamp: Lair:2-4    Shoals: Lair:2-4     Snake: Lair:2-4    Spider: Lair:2-4

Altars:
Elyvilon
Fedhas
Gozag
Kikubaaqudgha
Makhleb
Nemelex Xobeh
Okawaru
Qazlal
Sif Muna
Trog
Uskayaw
Yredelemnul
Zin

Shops:
D:4 :

Annotations:
D:8 Maurice
Lair:1 3 runed translucent doors, Raspi's ghost, journeyman FoHu
Lair:3 Rupert


Innate Abilities, Weirdness & Mutations

You reflexively headbutt those who attack you in melee.
You have a pair of horns on your head.


Message History

Rupert hits you but does no damage.
You bludgeon Rupert!! Your headbutt misses Rupert.
Rupert is moderately wounded.
You block Rupert's attack.
You puncture Rupert! Your headbutt misses Rupert.
Rupert is heavily wounded.
Rupert hits you but does no damage.
You barely miss Rupert.
Rupert is heavily wounded.
Rupert hits you with a +4 vorpal great mace!!
* * * LOW HITPOINT WARNING * * *
x2 You hit Rupert.
Rupert is heavily wounded.
Rupert hits you but does no damage.
You thump Rupert! You headbutt Rupert!
Rupert is heavily wounded.
You feel much better.
Rupert hits you with a +4 vorpal great mace!!!
* * * LOW HITPOINT WARNING * * *
You die...

.P............
...........<<.
............# .
#..........## ..
##.........[## ...
##...........# ....
...........#.#### .....
............##(.##......
................@.......
....#.#.#.......@.......
.....####.............P#
....# #...#####.......#
.... ##### ###.(...# ...
##...# ... ..## .. ## ..


You could see Rupert (berserk).

Vanquished Creatures
  2 hydras (Lair:2)
  A black mamba (Lair:3)
  Joseph (D:8)
  8 cane toads
  Maggie (D:6)
  4 komodo dragons
  A queen bee (Lair:3)
  A troll (D:8)
  Grinder (D:4)
  A ynoxinul (D:8)
  3 wyverns
  Sigmund (D:5)
  4 basilisks
  8 yaks
  Duvessa (D:5)
  7 water moccasins
  2 orc warriors
  An ice beast (D:8)
  2 sky beasts
  3 black bears (D:9)
  A necrophage (D:8)
  2 ogres
  A phantom (D:8)
  8 wolves
  2 centaurs
  A big kobold (D:8)
  9 bullfrogs
  Dowan (D:5)
  A gnoll sergeant (D:8)
  A wyvern skeleton (D:8)
  2 scorpions
  23 killer bees (Lair:3)
  7 wights (D:8)
  4 howler monkeys
  A bullfrog zombie (D:9)
  A jelly (D:6)
  4 bullfrog skeletons
  A gnoll shaman (D:6)
  4 hounds
  4 orc priests
  13 orc wizards
  Crazy Yiuf (D:5)
  2 iguanas
  A centaur skeleton (D:4)
  3 worker ants
  A hound zombie (D:6)
  2 hound skeletons
  10 gnolls
  15 adders
  2 shadow imps
  A white imp (D:9)
  3 ufetubi
  An ooze (D:3)
  2 adder zombies
  An adder skeleton (D:7)
  2 worms (D:3)
  6 dart slugs
  2 leopard geckos
  45 orcs
  9 bats
  3 giant cockroaches
  10 goblins
  10 hobgoblins
  4 jackals (D:8)
  13 kobolds
  8 quokkas
  5 frilled lizards
  A leopard gecko skeleton (D:5)
  A quokka zombie (D:6)
  8 rats
316 creatures vanquished.

Vanquished Creatures (others)
  30 fungi
  20 plants
50 creatures vanquished.

Grand Total: 366 creatures vanquished

Notes
Turn   | Place    | Note
-------+----------+-------------------------------------------
     0 | D:1      | funkygono the Minotaur Fighter began the quest for the Orb.
     0 | D:1      | Reached XP level 1. HP: 19/19 MP: 0/0
    89 | D:1      | Reached XP level 2. HP: 27/27 MP: 1/1
   477 | D:1      | Reached XP level 3. HP: 30/33 MP: 2/2
   897 | D:2      | Reached skill level 3 in Maces & Flails
  1342 | D:2      | Found an iron altar of Okawaru.
  1352 | D:2      | Became a worshipper of Warmaster Okawaru
  1656 | D:3      | Reached XP level 4. HP: 36/40 MP: 3/3
  1981 | D:3      | Reached skill level 4 in Maces & Flails
  1981 | D:3      | Reached XP level 5. HP: 14/47 MP: 4/4
  2682 | D:3      | Reached skill level 1 in Dodging
  2969 | D:4      | Noticed an ogre
  2980 | D:4      | Reached skill level 5 in Shields
  2987 | D:4      | Killed an ogre
  2987 | D:4      | Reached * piety under Okawaru
  2988 | D:4      | Reached skill level 5 in Maces & Flails
  2988 | D:4      | Reached skill level 5 in Armour
  2988 | D:4      | Reached XP level 6. HP: 22/53 MP: 5/5
  3251 | D:4      | Reached skill level 5 in Fighting
  3522 | D:4      | Reached XP level 7. HP: 61/61 MP: 6/6
  3537 | D:4      | Found a basalt altar of Yredelemnul.
  3570 | D:4      | Got a masterwork chain mail
  3595 | D:4      | Identified the +0 chain mail "Dueren" {rPois} (You found it
                  | on level 4 of the Dungeon)
  3901 | D:4      | Found Kuwubb's Book Boutique.
  3951 | D:4      | Found a shimmering blue altar of Sif Muna.
  3997 | D:4      | Found an opulent altar of Gozag.
  3998 | D:4      | Found a glowing silver altar of Zin.
  4287 | D:5      | Entered Level 5 of the Dungeon
  4380 | D:5      | Found a runed translucent door.
  4381 | D:5      | Noticed Crazy Yiuf
  4388 | D:5      | Killed Crazy Yiuf
  4555 | D:5      | Reached skill level 6 in Maces & Flails
  4720 | D:5      | Noticed Sigmund
  4729 | D:5      | Killed Sigmund
  4730 | D:5      | Reached XP level 8. HP: 65/69 MP: 7/7
  4751 | D:5      | Noticed Grinder
  4751 | D:5      | Noticed Dowan
  4753 | D:5      | Noticed Duvessa
  4795 | D:4      | Killed Grinder
  4796 | D:4      | Reached skill level 7 in Maces & Flails
  4848 | D:4      | Reached ** piety under Okawaru
  4931 | D:5      | Killed Duvessa
  4932 | D:5      | Reached skill level 1 in Invocations
  4940 | D:5      | Killed Dowan
  5410 | D:6      | Reached skill level 8 in Maces & Flails
  5421 | D:6      | Found a sparkling altar of Nemelex Xobeh.
  5433 | D:6      | Noticed Maggie
  5459 | D:6      | Killed Maggie
  5460 | D:6      | Reached skill level 1 in Stealth
  5607 | D:6      | Reached XP level 9. HP: 72/75 MP: 6/9
  5742 | D:6      | Reached skill level 9 in Maces & Flails
  5753 | D:6      | Reached *** piety under Okawaru
  5922 | D:6      | Found an ancient bone altar of Kikubaaqudgha.
  6287 | D:7      | Found an iron altar of Okawaru.
  6543 | D:7      | Found a staircase to the Ecumenical Temple.
  6676 | D:7      | Reached skill level 1 in Slings
  6843 | D:8      | Reached skill level 10 in Maces & Flails
  6891 | D:8      | Reached **** piety under Okawaru
  6917 | D:8      | Found a stormy altar of Qazlal.
  7037 | D:8      | Noticed Joseph
  7052 | D:8      | Killed Joseph
  7052 | D:8      | Received a gift from Okawaru
  7114 | D:8      | Noticed a troll
  7126 | D:8      | Killed a troll
  7127 | D:8      | Reached XP level 10. HP: 60/86 MP: 10/10
  7172 | D:8      | Reached skill level 5 in Slings
  7429 | D:8      | Found a bloodstained altar of Trog.
  7499 | D:8      | Found a shimmering blue altar of Sif Muna.
  7505 | D:8      | Identified Sif Muna's Grimoire of Dislocation
  7673 | D:8      | Received a gift from Okawaru
  8255 | D:8      | Noticed Maurice
  8614 | D:9      | Found a hide-covered altar of Uskayaw.
  8614 | D:9      | Found a white marble altar of Elyvilon.
  8618 | D:9      | Found a blossoming altar of Fedhas.
  8733 | D:9      | Found a burning altar of Makhleb.
  8854 | D:9      | Found a staircase to the Orcish Mines.
  9266 | D:9      | Found a staircase to the Lair.
  9544 | Lair:1   | Entered Level 1 of the Lair of Beasts
  9945 | Lair:1   | Reached skill level 11 in Maces & Flails
 10111 | Lair:1   | Found a runed translucent gate.
 10111 | Lair:1   | Found a runed translucent gate.
 10111 | Lair:1   | Found a runed translucent gate.
 10153 | Lair:1   | Noticed a minotaur
 10154 | Lair:1   | Noticed a black mamba
 10155 | Lair:1   | Noticed Raspi's ghost (journeyman FoHu)
 10449 | Lair:2   | Noticed an eight-headed hydra
 10457 | Lair:2   | Killed an eight-headed hydra
 10457 | Lair:2   | Received a gift from Okawaru
 10458 | Lair:2   | Reached XP level 11. HP: 95/95 MP: 9/12
 10633 | Lair:2   | Reached ***** piety under Okawaru
 11074 | Lair:2   | Noticed a four-headed hydra
 11082 | Lair:2   | Killed a four-headed hydra
 11082 | Lair:2   | Received a gift from Okawaru
 11331 | Lair:2   | Reached skill level 12 in Maces & Flails
 11753 | Lair:3   | Received a gift from Okawaru
 11958 | Lair:3   | Received a gift from Okawaru
 12337 | Lair:3   | Received a gift from Okawaru
 12477 | Lair:3   | Noticed Rupert
 12496 | Lair:3   | HP: 2/99 [Rupert/+4 vorpal great mace (39)]
 12496 | Lair:3   | Mangled by Rupert

Illustrated notes

Levels and vault maps discovered:
D:1:      lightli_arrival_statuegarden, layout_basic
D:2:      layout_loops_ring, lemuel_coloured_pillars_altar,
          minmay_tree_intersection
D:3:      layout_basic, minmay_misc_feat_doors
D:4:      layout_layer_cave, grunt_temple_overflow_gold_and_silver,
          yredelemnul_altar_generic, serial_shops, shop, led_sif_pool
D:5:      layout_basic, minmay_misc_feat_roman, uniq_grinder, uniq_sigmund,
          uniq_crazy_yiuf_cottage, uniq_duvessa
D:6:      layout_cave_pools, kennysheep_little_box, tso_altar,
          lemuel_round_altar, minmay_fractal_squares_diagonal_5, uniq_maggie
D:7:      layout_cave_pools, minmay_temple_entry_hall, basic_altar
D:8:      layout_gridville, nzn_overflow_gifts_of_might_and_magic,
          nicolae_qazlal_general_emergency, uniq_joseph, uniq_maurice
D:9:      layout_basic, old_standard_altar, lemuel_round_altar,
          gammafunk_temple_overflow_wave, grunt_lair_entry_orc_guard_hut,
          orc_0_dummy
Lair:1:   layout_long_grid, maelrawn_ghost_gauntlet_escape
Lair:2:   layout_cave_pods
Lair:3:   layout_small_grid, elwin_shoals_entry_stream, special_room
          [special_room_bee], serial_bayou_shore_a, infiniplex_staircase_pool,
          uniq_rupert

Skill      XL: |  1  2  3  4  5  6  7  8  9 10 11 |
---------------+----------------------------------+-----
Shields        | 4 5 6 7 8 9 |  9.6
Armour         | 4 5 6 7 8 9 |  9.8
Fighting       | 4 5 6 7 8 9 |  9.7
Maces & Flails | 3 4 5 6 8 10 11 12 | 12.6
Dodging        | 1 2 3 |  3.5
Invocations    | 1 2 3 |  3.5
Stealth        | 1 |  1.4
Slings         | 4 7 9 |  9.2
Evocations     | |  0.2

Action                   |  1- 3 |  4- 6 |  7- 9 | 10-12 || total
-------------------------+-------+-------+-------+-------++-------
Melee: Flail             |   106 |   153 |    49 |       ||   308
       Headbutt          |    12 |    24 |    52 |    74 ||   162
       Morningstar       |       |       |   221 |   353 ||   574
 Fire: Hunting sling     |       |       |    73 |   202 ||   275
Invok: Heroism           |       |     1 |    19 |    40 ||    60
Evoke: Wand              |       |       |       |     1 ||     1
  Use: Scroll            |     2 |     5 |     8 |    11 ||    26
       Potion            |       |     2 |       |     1 ||     3
Armor: Scale mail        |    46 |    75 |       |       ||   121
       Chain mail        |       |       |   151 |   118 ||   269
Dodge: Dodged            |    43 |    52 |    81 |   108 ||   284
Block: Kite shield       |    60 |    78 |   169 |   216 ||   523
